 Dungeon Crawl Stone Soup version 0.25-a0-942-g87a53962fc (webtiles) character file.

Game seed: 17580259219592229043, levelgen mode: deterministic

38 Morrissey the Insei (level 3, -1/27 HPs)
             Began as a Merfolk Transmuter on May 7, 2020.
             Slain by a hobgoblin
             ... wielding a +0 club
              (3 damage)
             ... on level 2 of the Dungeon.
             The game lasted 00:02:23 (1476 turns).

Morrissey the Insei (Merfolk Transmuter)            Turns: 1476, Time: 00:02:23

Health: -1/27      AC:  2    Str: 10    XL:     3   Next: 43%
Magic:  1/6        EV: 14    Int: 12    God:
Gold:   58         SH:  0    Dex: 15    Spells: 3/6 levels left

rFire    . . .     SeeInvis .     - Unarmed
rCold    . . .     Gourm    .   (no shield)
rNeg     . . .     Faith    .   b - +0 robe
rPois    .         Spirit   .   (no helmet)
rElec    .         Reflect  .   (no cloak)
rCorr    .         Harm     .   (no gloves)
MR       .....                  (no boots)
Stlth    +.........             (no amulet)
HPRegen  0.09/turn              (no ring)
MPRegen  0.10/turn              (no ring)

@: appendage
A: change form in water, swift swim, stealthy swim, horns 2
a: End Transformation


You were on level 2 of the Dungeon.
You were hungry.
You had grown temporary horns.
You visited 1 branch of the dungeon, and saw 2 of its levels.

You collected 58 gold pieces.

Inventory:

Hand Weapons
 c - a +1 spear of freezing
Missiles
 a - 27 arrows
Armour
 b - a +0 robe (worn)
Scrolls
 e - a scroll of identify {unknown}
 i - 2 scrolls of remove curse {unknown}
 j - a scroll of magic mapping {unknown}
Potions
 g - a potion of curing {unknown}
 h - 2 potions of stabbing {unknown}
 k - a potion of magic {unknown}
 l - a potion of heal wounds {unknown}
 m - a potion of brilliance {unknown}
Comestibles
 d - 3 rations
 f - 2 chunks of flesh


   Skills:
 + Level 1.8 Fighting
 * Level 3.5 Dodging
 * Level 3.8 Unarmed Combat
 - Level 2.0 Spellcasting
 + Level 3.1 Transmutations


You had 3 spell levels left.
You knew the following spells:

 Your Spells              Type           Power        Failure   Level  Hunger
a - Beastly Appendage     Tmut           #.....       8%          1    ##.....
b - Sticks to Snakes      Tmut           #.......     11%         2    ###....

Your spell library contained the following spells:

 Spells                   Type           Power        Failure   Level  Hunger
 Spider Form              Tmut/Pois      #.........   38%         3    ####...
 Ice Form                 Ice/Tmut       #.......     80%         4    #####..
 Blade Hands              Tmut           #.........   90%         5    ######.


Dungeon Overview and Level Annotations

Branches:
Dungeon (2/15)

Altars:

Annotations:
D:2 Natasha


Innate Abilities, Weirdness & Mutations

You revert to your normal form in water.
You are very nimble and swift while swimming.
You are very stealthy in the water. (Stealth+)
You have a pair of horns on your head.


Message History

Casting: Sticks to Snakes (safe; 11% risk of failure)
Confirm with . or Enter, or press ? or * to list all spells.
You create a snake!
You now have 27 arrows.
* * * LOW MAGIC WARNING * * *
You are feeling hungry.
Natasha barely misses you.
You barely miss Natasha. Natasha claws you!
* * * LOW HITPOINT WARNING * * *
Unknown command.
Casting: Sticks to Snakes (safe; 11% risk of failure)
Confirm with . or Enter, or press ? or * to list all spells.
You grow a pair of large bovine horns.
* * * LOW MAGIC WARNING * * *
The hobgoblin misses you.
Your adder closely misses the hobgoblin.
Your adder bites the hobgoblin.
Natasha claws you!
* * * LOW HITPOINT WARNING * * *
You swap places.
Your adder barely misses Natasha.
Your adder barely misses the hobgoblin.
The hobgoblin hits you with a +0 club.
You die...

#........####
#........#..# .
#........#..##..
#........#......
###........÷).....
#...............##
#........(..###..#
#####.........÷...#
..
#...S@.##..#.##.#..#
.
#..hgS.###.#.##.##.#
#...%..# #.#.##.#
... #......#
#.#.##.# #..
#......# #...# .# ..
#......# ##..# .#
#....... ... ..
#.....^##


You could see Natasha, a hobgoblin and 2 friendly adders.

Vanquished Creatures
  An adder (D:2)
  A dart slug (D:1)
  A leopard gecko (D:1)
  A bat (D:1)
  3 giant cockroaches (D:1)
  2 goblins (D:1)
  2 hobgoblins (D:1)
  2 jackals (D:2)
  5 kobolds
  3 frilled lizards
  5 rats (D:1)
26 creatures vanquished.

Vanquished Creatures (collateral kills)
  A leopard gecko (D:2)
  A hobgoblin (D:1)
2 creatures vanquished.

Grand Total: 28 creatures vanquished

Notes
Turn   | Place    | Note
-------+----------+-------------------------------------------
     0 | D:1      | Morrissey the Merfolk Transmuter began the quest for the
                  | Orb.
     0 | D:1      | Reached XP level 1. HP: 15/15 MP: 3/3
   211 | D:1      | Reached XP level 2. HP: 21/21 MP: 3/5
   278 | D:1      | Learned a level 2 spell: Sticks to Snakes
   769 | D:1      | Reached XP level 3. HP: 4/27 MP: 3/6
  1467 | D:2      | Noticed Natasha
  1475 | D:2      | HP: 1/27 [Natasha (9)]
  1476 | D:2      | Slain by a hobgoblin

Levels and vault maps discovered:
D:1:      minmay_arrival_glassed_features, layout_loops_ring
D:2:      layout_rooms, serial_curves, eino_curves_04, eino_curves_01,
          first_ration, uniq_sigmund, uniq_natasha

Skill      XL: |  1  2 |
---------------+-------+-----
Dodging        | 3 |  3.5
Transmutations | 3 |  3.1
Fighting       | |  1.8
Unarmed Combat | |  3.8
Spellcasting   | |  2.0

Action                   || total
-------------------------++-------
Melee: Unarmed           ||    66
       Spear             ||     2
       Headbutt          ||     5
       Punch             ||     2
 Cast: Beastly Appendage ||    12
       Sticks to Snakes  ||     7
  Eat: Chunk             ||     2
Armor: Robe              ||     8
Dodge: Dodged            ||    51

Table legend:
 A = Non-vault XP
 B = Vault XP
 C = Vault XP percentage of total XP
 D = Non-vault monster count
 E = Vault monster count
 F = Vault count percentage of total count
                 A         B        C        D         E       F
            +---------+---------+-------+---------+---------+-------
      Total |      55 |       0 |   0.0 |      28 |       0 |   0.0
            +---------+---------+-------+---------+---------+-------
        D:1 |      36 |       0 |   0.0 |      22 |       0 |   0.0
        D:2 |      19 |       0 |   0.0 |       6 |       0 |   0.0
            +---------+---------+-------+---------+---------+-------
